 Dungeon Crawl Stone Soup version 0.32-a0-779-g362cfcae2a (webtiles) character file.

Game seed: 17419058875555502550

490 pokeman the Magician (level 6, -1/34 HPs)
             Began as a Deep Elf Hedge Wizard on Mar 19, 2024.
             Was an Initiate of Vehumet.
             Slain by a ribbon worm (5 damage)
             ... on level 5 of the Dungeon.
             The game lasted 00:11:05 (3779 turns).

pokeman the Magician (Deep Elf Hedge Wizard)        Turns: 3779, Time: 00:11:05

Health: -1/34      AC:  2    Str:  7    XL:     6   Next: 90%
Magic:  12/18      EV:  6    Int: 21    God:    Vehumet [......]
Gold:   209        SH:  0    Dex: 14    Spells: 12/20 levels left

rFire   . . .        i - +2 dagger (venom)
rCold   . . .        (no shield)
rNeg    . . .        b - +0 robe
rPois   .            c - +0 hat
rElec   .            (no cloak)
rCorr   .            (no gloves)
SInv    .            (no boots)
Will    +....        m - amulet of magic regeneration
Stlth   ++           k - ring of willpower
HPRegen 0.25/turn    l - +4 ring of slaying
MPRegen 0.56/turn

%: no passive effects
@: held
A: no striking features
a: Renounce Religion


You were on level 5 of the Dungeon.
You worshipped Vehumet.
Vehumet was noncommittal.
You visited 2 branches of the dungeon, and saw 6 of its levels.

You collected 209 gold pieces.

Inventory:

Hand Weapons
 i - a +2 dagger of venom (weapon)
Armour
 b - a +0 robe (worn)
 c - a +0 hat (worn)
 t - a +0 buckler
Jewellery
 g - an amulet of faith
 k - a ring of willpower (left hand)
 l - a +4 ring of slaying (right hand)
 m - an amulet of magic regeneration (around neck)
 o - a +6 ring of intelligence
Wands
 n - a wand of warping (8)
Scrolls
 a - 3 scrolls of teleportation {unknown}
 e - a scroll of fog {unknown}
 f - 3 scrolls of identify {unknown}
 j - 2 scrolls of enchant weapon {unknown}
 q - 3 scrolls of revelation {unknown}
 s - a scroll of vulnerability {unknown}
Potions
 d - a potion of magic
 h - a potion of might {unknown}
 p - a potion of degeneration {unknown}
 r - a potion of enlightenment {unknown}
 u - a potion of curing {unknown}


   Skills:
 - Level 1.0 Fighting
 - Level 1.1 Armour
 - Level 3.0 Dodging
 - Level 3.0 Stealth
 + Level 1.1 Shields
 * Level 7.5 Spellcasting
 + Level 3.6 Conjurations
 - Level 1.1 Summonings
 - Level 1.1 Translocations
 - Level 1.3 Air Magic
 - Level 1.3 Alchemy
 - Level 1.0 Evocations


You had 12 spell levels left.
You knew the following spells:

 Your Spells              Type           Power      Damage    Failure   Level
a - Magic Dart            Conj           92%        1d7       1%          1
b - Mephitic Cloud        Conj/Alch/Air  16%        N/A       11%         3
c - Call Imp              Summ           24%        N/A       8%          2
d - Blink                 Tloc           24%        N/A       8%          2

Your spell library contained the following spells:

 Spells                   Type           Power      Damage    Failure   Level
 Slow                     Hex            28%        N/A       9%          1
 Cigotuvi's Dreadful Rot  Necr/Alch/Air  22%        N/A       9%          2
 Tukima's Dance           Hex            7%         N/A       26%         3
 Passage of Golubria      Tloc           12%        N/A       45%         4
 Cause Fear               Hex            3%         N/A       63%         4
 Fireball                 Conj/Fire      7%         3d5       73%         5
 Yara's Violent Unravell  Hex/Alch       5%         3d4       86%         5
 Sculpt Simulacrum        Ice/Alch       5%         N/A       100%        6
 Ozocubu's Refrigeration  Ice            3%         4d8       100%        7
 Dragon's Call            Summ           6%         N/A       100%        9
 Polar Vortex             Ice            3%         N/A       100%        9


Dungeon Overview and Level Annotations

Branches:
Dungeon (5/15)             Temple (1/1) D:4

Altars:
Dithmenos
Gozag
Hepliaklqana
Kikubaaqudgha
Makhleb
Nemelex Xobeh
Okawaru
Sif Muna
Uskayaw
Vehumet
Wu Jian
Xom
Zin
The Shining One

Shops:
D:2 ([!(   D:4 ?


Message History

The orc hits the gnoll with a +0 war axe!
A gnoll comes into view.
It is wielding a +0 spear and quivering 2 throwing nets.
Casting: Magic Dart (safe; 1% risk of failure)
Confirm with . or Enter, or press ? or * to list all spells.
Aiming: Magic Dart (safe; 1% risk of failure)
Press: ? - help, Shift-Dir - straight line, f/p - shadow imp
Aim: a shadow imp (noxious fumes, moderately wounded, 100% to hit)
The magic dart hits the shadow imp.
The shadow imp is almost dead.
The shadow imp gestures at you. You resist with some effort.
Casting: Magic Dart (safe; 1% risk of failure)
Confirm with . or Enter, or press ? or * to list all spells.
Aiming: Magic Dart (safe; 1% risk of failure)
Press: ? - help, Shift-Dir - straight line, f/p - shadow imp
Aim: a shadow imp (noxious fumes, almost dead, 100% to hit)
The magic dart hits the shadow imp but does no damage.
The shadow imp is almost dead.
The shadow imp closely misses you.
The gnoll throws a throwing net.
The throwing net hits you.
You become entangled in the net!
The ribbon worm bites you.
Casting: Magic Dart (safe; 1% risk of failure)
Confirm with . or Enter, or press ? or * to list all spells.
Aiming: Magic Dart (safe; 1% risk of failure)
Press: ? - help, Shift-Dir - straight line, f/p - shadow imp
Aim: a shadow imp (noxious fumes, almost dead, 100% to hit)
The magic dart hits the shadow imp but does no damage.
The shadow imp is almost dead.
The shadow imp hits you.
The orc hits the gnoll bouda with a +0 hand axe.
Unknown command.
You struggle against the net.
The shadow imp hits you. The ribbon worm bites you!
* * * LOW HITPOINT WARNING * * *
A gnoll comes into view. It is wielding a +0 club.
Unknown command.
You struggle against the net.
The shadow imp hits you but does no damage.
The ribbon worm bites you.
You die...

..#........
#..........
##..........
........... #
#..........
#..##..........
'..'...w.......
#.@†$.....
##.5§.....
##..§....
.o..... ..g....
.. ......#
g....>. ..
......# .o.....
.. ......#
.g..... ..
.......


You could see a gnoll bouda, a ribbon worm (confused), 2 gnolls, a shadow imp
and 2 orcs.

Vanquished Creatures
  A water moccasin (D:5)
  A centaur (D:5)
  A howler monkey (D:5)
  A bombardier beetle (D:5)
  An orc priest (D:3)
  Ijyb (D:3)
  An iguana (D:5)
  4 adders
  A white imp (D:5)
  2 ufetubi (D:5)
  8 dart slugs (D:4)
  3 ribbon worms (D:2)
  5 orcs
  6 bats
  6 endoplasms
  8 goblins
  9 hobgoblins
  7 kobolds
  2 quokkas
  3 ball pythons
  2 frilled lizards
  6 rats
79 creatures vanquished.

Vanquished Creatures (others)
  A human (D:4)
1 creature vanquished.

Grand Total: 80 creatures vanquished

Notes
Turn   | Place    | Note
-------+----------+-------------------------------------------
     0 | D:1      | pokeman the Deep Elf Hedge Wizard began the quest for the
                  | Orb.
     0 | D:1      | Reached XP level 1. HP: 10/10 MP: 7/7
   180 | D:1      | Reached XP level 2. HP: 10/16 MP: 0/9
   273 | D:1      | Found a faded altar of an unknown god.
   765 | D:2      | Found Welioh Izxu's Armour Emporium.
   920 | D:2      | Reached skill level 5 in Spellcasting
  1022 | D:2      | Found Tydiehett's Antique Weapon Boutique.
  1054 | D:2      | Reached XP level 3. HP: 20/20 MP: 9/11
  1058 | D:2      | Learned a level 3 spell: Mephitic Cloud
  1061 | D:2      | Learned a level 2 spell: Call Imp
  1064 | D:2      | Learned a level 2 spell: Blink
  1071 | D:2      | Found Dehirgh's Distillery.
  1507 | D:2      | Reached skill level 1 in Fighting
  1582 | D:2      | Found Sueduis's Weapon Shop.
  1785 | D:3      | Reached skill level 1 in Armour
  1799 | D:3      | Noticed Ijyb
  1811 | D:3      | Killed Ijyb
  1812 | D:3      | Reached XP level 4. HP: 15/25 MP: 10/13
  2397 | D:4      | Reached XP level 5. HP: 29/29 MP: 12/15
  2432 | D:4      | Reached skill level 6 in Spellcasting
  2497 | D:4      | Found Qoomiff's Magic Scroll Shoppe.
  2521 | D:4      | Found a staircase to the Ecumenical Temple.
  2548 | Temple   | Entered the Ecumenical Temple
  2581 | Temple   | Became a worshipper of Vehumet
  2920 | D:4      | Found a glowing golden altar of the Shining One.
  3222 | D:4      | Found an ancient bone altar of Kikubaaqudgha.
  3225 | D:4      | Noticed a human
  3226 | D:4      | Killed a human
  3266 | D:5      | Entered Level 5 of the Dungeon
  3288 | D:5      | Reached skill level 1 in Evocations
  3354 | D:5      | Noticed a centaur
  3376 | D:5      | Killed a centaur
  3377 | D:5      | Reached skill level 1 in Air Magic
  3377 | D:5      | Reached skill level 1 in Alchemy
  3377 | D:5      | Reached XP level 6. HP: 12/34 MP: 15/17
  3465 | D:5      | Noticed a water moccasin
  3544 | D:5      | Killed a water moccasin
  3545 | D:5      | Reached skill level 7 in Spellcasting
  3768 | D:5      | Reached skill level 1 in Shields
  3779 | D:5      | Slain by a ribbon worm

Illustrated notes

Levels and vault maps discovered:
D:1:      wander_arrival_peaceful_grave, layout_basic,
          hellmonk_ecumenical_altar_crossroads
D:2:      layout_rooms, serial_shops, shop, nicolae_shop_bloodbath_and_beyond,
          shop, nicolae_square_shop, corner_web_ring
D:3:      layout_rooms, kennysheep_generic_room_14, uniq_ijyb
D:4:      kennysheep_slugbush, layout_basic, tgw_kikubaaqudgha,
          mainiacjoe_overflow_boulevard, minmay_temple_entry_water_ring,
          serial_shops, nicolae_shop_advertising_works
          [nicolae_subvault_shop_adworks]
D:5:      cheibrodos_helix_gallery, layout_rooms,
          nicolae_overflow_crystal_walls, mainiacjoe_overflow_24_doors,
          serial_shops, shop
Temple:   nicolae_temple_godzebo

Skill      XL: |  1  2  3  4  5  6 |
---------------+-------------------+-----
Spellcasting   | 5 6 7 |  7.5
Fighting       | 1 |  1.0
Armour         | 1 |  1.1
Conjurations   | 2 3 |  3.6
Dodging        | 3 |  3.0
Stealth        | 3 |  3.0
Evocations     | 1 |  1.0
Air Magic      | 1 |  1.3
Alchemy        | 1 |  1.3
Shields        | 1 |  1.1
Summonings     | |  1.1
Translocations | |  1.1

Action                     |  1- 3 |  4- 6 || total
---------------------------+-------+-------++-------
  Melee: Dagger            |    19 |    20 ||    39
   Cast: Magic Dart        |    96 |   136 ||   232
         Mephitic Cloud    |     1 |     9 ||    10
         Call Imp          |       |     2 ||     2
         Blink             |       |     1 ||     1
   Stab: Sleeping          |     1 |       ||     1
 Armour: Robe              |     8 |    40 ||    48
  Dodge: Dodged            |    18 |    31 ||    49

Table legend: (Time is in decaauts)
 A = Elapsed time spent in this place.
 B = Non-inter-level travel time spent in this place.
 C = Inter-level travel time spent in this place.
 D = Time resting spent in this place.
 E = Time spent auto-exploring this place.
 F = Levels seen in this place.
 G = Mean time per level.
                   A        B        C        D        E       F      G
               +--------+--------+--------+--------+--------+-----+--------+
         Total |   3789 |   3496 |    293 |    141 |   2805 |   6 |  631.5 |
       Dungeon |   3722 |   3493 |    229 |    141 |   2805 |   5 |  744.4 |
        Temple |     66 |      2 |     64 |      0 |      0 |   1 |   66.0 |
               +--------+--------+--------+--------+--------+-----+--------+

Top non-repeatable levels by time:
     D:4: 1244 daAuts
     D:2: 871 daAuts
     D:1: 798 daAuts
     D:3: 529 daAuts
     D:5: 278 daAuts
  Temple: 66 daAuts
